Map: Oxide LE

Players

maru - Winner!

  • Race: Terran Terran
  • Spawn Location: 7:00

TLHarstem (Harstem)

  • Race: Protoss Protoss
  • Spawn Location: 1:00

Event: ASUS ROG Online 2020

VOD

Have the link to the VOD?

Description

Time

  • Played on: Nov. 28, 2020, 7:16 a.m.
  • Length: 10:14

All games in this series

Show
View Real Time Build Order
Export as new Build Order

maru Terran - Winner!

Build Orders: Reaper Expand 

Get SALT Encoding   

  12  0:00  SCV  
  13  0:12  SCV  
  14  0:16  Supply Depot  
  14  0:24  SCV  
  15  0:38  SCV  
  15  0:40  Barracks  
  16  0:43  Refinery  
  16  0:50  SCV  
  17  1:02  SCV  
  18  1:14  SCV  
  19  1:27  Orbital Command, Reaper  
  20  1:39  Command Center  
  20  1:51  Supply Depot  
  20  1:52  SCV  
  21  1:59  Marine  
  22  2:05  SCV  
  23  2:10  Barracks  
  23  2:17  Barracks Reactor  
  23  2:19  SCV  
  24  2:31  SCV  
  25  2:40  Command Center  
  25  2:45  SCV  
  25  2:50  Orbital Command  
  26  2:54  Marine x2  
  26  2:57  Barracks Tech Lab  
  28  2:59  SCV  
  29  3:11  SCV  
  29  3:12  Marine x2  
  32  3:16  SCV  
  32  3:18  Stimpack  
  32  3:19  Marine  
  34  3:23  SCV  
  34  3:26  Engineering Bay  
  35  3:28  Barracks  
  35  3:29  Marine  
  35  3:30  SCV  
  37  3:34  Refinery  
  37  3:38  Marine x2  
  39  3:41  SCV  
  39  3:43  SCV  
  39  3:47  Supply Depot, Marine  
  42  3:53  Orbital Command, SCV  
  43  3:56  SCV  
  43  3:59  Marine x2  
  46  4:04  Terran Infantry Weapons Level 1  
  46  4:05  Marine  
  47  4:11  Factory  
  47  4:12  SCV x2  
  49  4:17  Missile Turret  
  49  4:19  SCV  
  49  4:24  SCV x2  
  49  4:30  Marine x4  
  55  4:31  Missile Turret  
  55  4:33  SCV  
  55  4:38  Refinery  
  56  4:40  Supply Depot  
  56  4:42  SCV  
  55  4:46  SCV  
  56  4:53  Marine  
  56  4:54  Marine x3  
  56  4:55  SCV  
  56  4:56  SCV  
  56  4:57  Combat Shield, Refinery  
  61  5:04  SCV  
  61  5:05  Factory Reactor, Starport  
  62  5:09  SCV  
  62  5:11  Supply Depot  
  63  5:14  Orbital Command  
  63  5:18  Barracks Tech Lab  
  63  5:19  SCV  
  63  5:20  Marine  
  66  5:21  Marauder  
  66  5:26  Barracks  
  66  5:28  SCV  
  67  5:29  Barracks  
  67  5:31  SCV  
  62  5:40  SCV  
  62  5:41  SCV  
  60  5:43  Marauder x2, Concussive Shells, Marine x2  
  60  5:44  SCV  
  67  5:51  Medivac x2, Factory Reactor  
  67  5:54  SCV  
  67  5:56  SCV x2  
  74  6:01  Terran Infantry Armor Level 1  
  74  6:06  SCV, Marine x2  
  74  6:07  Marauder x2  
  74  6:09  Missile Turret  
  74  6:11  Supply Depot  
  81  6:13  SCV x2  
  81  6:16  Barracks Reactor, Barracks Tech Lab  
  81  6:18  SCV  
  84  6:24  Armory  
  84  6:28  SCV  
  84  6:30  Supply Depot x2  
  85  6:34  Marauder x3, Marine x2  
  85  6:38  SCV x2  
  93  6:42  SCV  
  93  6:44  Missile Turret  
  93  6:45  Supply Depot  
  92  6:50  SCV  
  92  6:51  Widow Mine x2  
  92  6:52  Marine  
  98  6:54  Medivac x2  
  98  7:00  SCV  
  103  7:01  SCV  
  103  7:02  SCV  
  103  7:06  Supply Depot  
  103  7:07  Supply Depot  
  103  7:08  Supply Depot, Marauder x2, Marine x3  
  109  7:09  Marauder  
  109  7:10  Marine  
  109  7:12  Engineering Bay  
  115  7:16  SCV  
  115  7:18  Supply Depot  
  116  7:27  Medivac x2, Widow Mine x2  
  124  7:30  Supply Depot  
  124  7:31  Supply Depot  
  124  7:35  Marine  
  124  7:36  Marauder x3, Marine  
  131  7:37  Marine  
  131  7:38  Marine  
  131  7:39  Command Center  
  131  7:43  Terran Infantry Weapons Level 2  
  133  7:50  SCV  
  134  7:52  Refinery  
  134  7:53  Refinery  
  133  8:03  Medivac, Widow Mine x2  
  133  8:04  Medivac  
  142  8:05  Marauder, Marine  
  142  8:06  Marauder x2, Marine x3  
  142  8:10  SCV x2  
  142  8:11  SCV  
  151  8:18  Barracks  
  151  8:19  Barracks  
  150  8:23  SCV  
  150  8:24  SCV x2  
  150  8:26  Widow Mine x2  
  157  8:33  Medivac  
  159  8:38  Marauder x3  
  165  8:43  Supply Depot  
  165  8:45  Marine  
  162  8:55  Marine  
  151  8:56  Widow Mine  
  151  8:57  Medivac  
  147  9:02  Medivac  
  147  9:07  SCV  
  150  9:11  Widow Mine  
  150  9:16  Marine x4  
  152  9:17  Marauder x3  
  152  9:21  SCV  
  152  9:23  Marine  
  139  9:27  Medivac, Marine  
  132  9:32  Medivac  
  132  9:34  Marine x3  
  132  9:35  Orbital Command, Widow Mine x2  
  143  9:38  Marauder x3  
  143  9:44  Marine x2  
  144  9:45  Marine  
Show
View Real Time Build Order
Export as new Build Order

TLHarstem Protoss 

Build Orders: 1 Gate Expand, Phoenix Opening, Colossus Rush 

Get SALT Encoding   

  12  0:00  Probe  
  13  0:12  Probe  
  14  0:17  Pylon  
  14  0:24  Probe (Chrono Boost)  
  15  0:29  Assimilator  
  15  0:36  Probe (Chrono Boost)  
  16  0:45  Gateway, Probe (Chrono Boost)  
  17  0:51  Probe  
  18  1:03  Probe  
  19  1:15  Probe  
  20  1:23  Nexus  
  20  1:33  Cybernetics Core  
  20  1:35  Probe  
  21  1:41  Assimilator  
  21  1:48  Probe  
  21  1:50  Pylon  
  22  2:00  Probe  
  23  2:07  Adept (Chrono Boost)  
  23  2:14  Probe  
  26  2:15  Stargate  
  26  2:19  Warp Gate  
  26  2:26  Probe (Chrono Boost)  
  27  2:30  Adept  
  27  2:35  Probe (Chrono Boost)  
  30  2:38  Probe (Chrono Boost)  
  32  2:45  Probe (Chrono Boost)  
  32  2:46  Probe (Chrono Boost)  
  33  2:52  Shield Battery  
  33  2:53  Probe  
  33  2:56  Probe  
  35  2:59  Phoenix  
  35  3:05  Probe  
  38  3:08  Probe  
  39  3:17  Probe  
  40  3:20  Probe  
  40  3:24  Phoenix, Pylon  
  43  3:30  Robotics Facility  
  43  3:31  Probe  
  43  3:32  Probe  
  45  3:41  Gateway  
  45  3:43  Probe  
  45  3:44  Probe  
  47  3:49  Phoenix  
  47  3:55  Probe  
  50  3:56  Probe  
  50  3:57  Pylon  
  50  3:58  Assimilator  
  50  4:01  Assimilator  
  51  4:07  Probe  
  51  4:08  Probe  
  53  4:19  Probe, Nexus  
  53  4:20  Observer  
  53  4:23  Robotics Bay, Probe  
  56  4:31  Zealot, Probe  
  58  4:32  Pylon  
  58  4:35  Probe  
  60  4:44  Probe  
  60  4:46  Phoenix  
  60  4:50  Probe  
  60  4:51  Pylon  
  63  4:56  Probe  
  64  5:02  Sentry, Zealot, Probe  
  64  5:04  Shield Battery  
  69  5:08  Shield Battery, Probe  
  69  5:11  Phoenix  
  72  5:16  Probe  
  72  5:20  Probe  
  74  5:23  Stalker, Pylon  
  76  5:29  Pylon  
  76  5:32  Stalker  
  76  5:39  Colossus (Chrono Boost)  
  76  5:41  Phoenix  
  80  5:43  Probe (Chrono Boost)  
  80  5:44  Probe x2 (Chrono Boost)  
  80  5:49  Extended Thermal Lance (Chrono Boost)  
  83  5:56  Probe (Chrono Boost)  
  85  5:57  Sentry, Zealot  
  85  5:58  Probe (Chrono Boost)  
  85  6:02  Probe (Chrono Boost)  
  91  6:05  Pylon, Forge  
  91  6:10  Phoenix, Gateway  
  93  6:12  Probe  
  93  6:16  Shield Battery  
  94  6:20  Pylon  
  94  6:22  Colossus (Chrono Boost)  
  99  6:27  Probe  
  100  6:33  Zealot x2  
  100  6:37  Protoss Ground Weapons Level 1 (Chrono Boost)  
  100  6:39  Phoenix  
  106  6:52  Probe  
  107  6:56  Gateway x2  
  107  7:00  Gateway  
  106  7:02  Gateway  
  106  7:04  Phoenix (Chrono Boost), Probe  
  109  7:08  Photon Cannon  
  109  7:09  Sentry, Pylon  
  109  7:10  Zealot x2, Pylon  
  109  7:14  Warp Prism (Chrono Boost)  
  115  7:19  Shield Battery  
  115  7:22  Pylon  
  117  7:27  Probe  
  117  7:29  Phoenix (Chrono Boost), Pylon  
  118  7:32  Sentry  
  118  7:36  Zealot x2  
  126  7:38  Immortal (Chrono Boost)  
  126  7:50  Probe  
  132  7:51  Probe  
  132  7:54  Zealot x2, Pylon  
  134  7:59  Pylon  
  134  8:06  Zealot x5  
  144  8:15  Observer (Chrono Boost)  
  144  8:18  Twilight Council  
  145  8:29  Stalker x7  
  145  8:31  Probe  
  145  8:32  Pylon  
  160  8:36  Probe  
  160  8:38  Pylon  
  160  8:39  Photon Cannon  
  161  8:48  Probe  
  159  8:49  Probe  
  159  8:54  Stalker x3  
  150  9:01  Sentry  
  150  9:02  Stalker  
  148  9:13  Phoenix  
  141  9:24  Stalker x3  
  137  9:27  Observer  
  127  9:33  Probe  
  127  9:34  Zealot x4  
  127  9:36  Assimilator  
  136  9:41  Assimilator  
  127  9:46  Observer (Chrono Boost), Probe (Chrono Boost)  
  127  9:47  Zealot x3  
  127  9:49  Probe (Chrono Boost)  
  127  9:51  Probe (Chrono Boost)  
  135  9:53  Nexus  
Tags
 
Add a new tag
Caveats
  • Supply blocks, unpowered buildings, or Contaminate may cause inaccurate times.
  • Supply counts are checked every 10 seconds.